[Event "Titled Tuesday Blitz November 07 Early 2023"]
[White "Asavasaetakul, Chawit"]
[Black "LiadCuba"]
[WhiteFideId "6204856"]
[WhiteElo "2640"]
[BlackElo "2424"]
[Result "1-0"]
[Round "6"]
[TimeControl "180+1"]
[Date "2023.11.07"]
[WhiteClock "0:01:22"]
[BlackClock "0:00:00"]
[Board "95"]

1. e4 c5 2. c3 d6 3. d4 cxd4 4. cxd4 Nf6 5. Nc3 Nc6 6. Nf3 d5 7. exd5 Nxd5 8. Bc4 Nxc3 9. bxc3 e6 10. O-O Be7 11. Qe2 O-O 12. Bf4 b6 13. Rfe1 Bb7 14. Rad1 Bf6 15. Ne5 Bxe5 16. dxe5 Qe7 17. Qg4 Rfc8 18. Bg5 Qf8 19. Rd7 Na5 20. Bd3 Bc6 21. Be7 Qe8 22. Bf6 Qf8 23. Bxh7+ Kxh7 24. Qh4+ Kg8 25. Rd3 Bxg2 26. Kxg2 Rc4 27. Re4 Rxe4 28. Qxe4 Qc8 29. Qg4 Qb7+ 30. Rf3 g6 31. Qh4 1-0


[Site "https://www.chess.com"]

[Event "Titled Tuesday Blitz November 07 Early 2023"]
[White "Gubajdullin, Alexei"]
[Black "Soumya, Swaminathan"]
[WhiteFideId "4141202"]
[BlackFideId "5016193"]
[WhiteElo "2639"]
[BlackElo "2385"]
[Result "0-1"]
[Round "6"]
[TimeControl "180+1"]
[Date "2023.11.07"]
[WhiteClock "0:00:00"]
[BlackClock "0:00:05"]
[Board "96"]

1. d4 Nf6 2. Nf3 g6 3. Bf4 Bg7 4. e3 c5 5. Be2 b6 6. O-O Bb7 7. h3 O-O 8. c3 d6 9. a4 a6 10. Qb3 Nbd7 11. Rd1 cxd4 12. exd4 Nd5 13. Bg3 Bh6 14. Bc4 N7f6 15. Nbd2 Rc8 16. Re1 Rc7 17. Bd3 Qb8 18. Ne4 Nh5 19. c4 Ndf4 20. Bf1 Nxg3 21. fxg3 d5 22. Neg5 dxc4 23. Bxc4 Rxc4 24. Qxc4 Bd5 25. Qxa6 Nh5 26. Ne4 Bxe4 27. Rxe4 Qxg3 28. Qf1 Nf4 29. Kh1 Rc8 30. Rd1 Rc2 31. Ne1 Rxb2 32. Qf3 Qg5 33. Rxf4 Qxf4 34. Qxf4 Bxf4 35. Nd3 Rd2 36. Rxd2 Bxd2 37. d5 Kf8 38. Kg1 Ke8 39. Kf1 Kd7 40. Ne5+ Ke8 41. Ke2 Bc3 42. Nc4 Bd4 43. Kd3 Bc5 44. Ne5 f6 45. Nc4 Kd7 46. g4 e6 47. Ke4 f5+ 48. Ke5 exd5 49. Kxd5 fxg4 50. hxg4 h5 51. Ne5+ Kc7 0-1


[Site "https://www.chess.com"]

[Event "Titled Tuesday Blitz November 07 Early 2023"]
[White "Kavyev, Ruslan"]
[Black "Silvestre, Christian"]
[WhiteFideId "34110981"]
[BlackFideId "30956269"]
[WhiteElo "2633"]
[BlackElo "2191"]
[Result "0-1"]
[Round "6"]
[TimeControl "180+1"]
[Date "2023.11.07"]
[WhiteClock "0:00:04"]
[BlackClock "0:00:16"]
[Board "97"]

1. e4 c5 2. Nf3 a6 3. Nc3 e6 4. d4 cxd4 5. Nxd4 Qc7 6. g3 Bb4 7. Ne2 Nf6 8. Bg2 O-O 9. O-O d6 10. a3 Bc5 11. Bg5 Nbd7 12. Kh1 Rb8 13. Qd2 b5 14. Nd4 Bb7 15. Rae1 h6 16. Be3 Ne5 17. Qd1 Nc4 18. Bc1 Qb6 19. Nb3 Bxf2 20. Rxf2 Qxf2 21. Rf1 Qb6 22. Rxf6 gxf6 23. Bxh6 Ne5 24. Nd4 b4 25. Nf3 Ng6 26. axb4 Qxb4 27. Nh4 Qxb2 28. h3 Qxc3 29. Qg4 f5 30. Qh5 Bxe4 31. Nxg6 Bxg2+ 32. Kh2 fxg6 33. Qxg6+ Kh8 34. Qh5 Bf3 35. Bg7+ Kxg7 36. Qg5+ Kf7 0-1


[Site "https://www.chess.com"]

[Event "Titled Tuesday Blitz November 07 Early 2023"]
[White "Liyanage, Ranindu Dilshan"]
[Black "gpsji27"]
[WhiteFideId "9915834"]
[WhiteElo "2768"]
[BlackElo "2355"]
[Result "1-0"]
[Round "6"]
[TimeControl "180+1"]
[Date "2023.11.07"]
[WhiteClock "0:00:11"]
[BlackClock "0:00:06"]
[Board "98"]

1. d4 d5 2. Bf4 c5 3. e3 Nc6 4. Nc3 a6 5. dxc5 e5 6. Bg3 d4 7. exd4 exd4 8. Ne4 Bxc5 9. Nxc5 Qa5+ 10. c3 Qxc5 11. cxd4 Qxd4 12. Nf3 Qb4+ 13. Qd2 Be6 14. Qxb4 Nxb4 15. Nd4 Rd8 16. Nxe6 fxe6 17. Rc1 Nf6 18. a3 Nbd5 19. Bd3 O-O 20. O-O Rc8 21. Rfe1 Kf7 22. Be5 Nd7 23. Bd4 h6 24. g3 g5 25. h3 N7f6 26. Kg2 Rfe8 27. Bb1 Red8 28. Be5 Nd7 29. Bd4 N7f6 30. Rcd1 Rd7 31. Be5 Rcd8 32. Kg1 Ne8 33. Ba2 Nef6 34. Rc1 Re7 35. Rc2 Nd7 36. Bd6 Ree8 37. Rd1 N7f6 38. Be5 Rc8 39. Re2 Nd7 40. Bd4 N7f6 41. Kg2 Red8 42. Kg1 Re8 43. Rde1 Rcd8 44. Be5 Nd7 45. Bd4 N7f6 46. Bc5 Nd7 47. Bd6 N7f6 48. Bc5 Nd7 49. Be3 N7f6 50. Kg2 Nxe3+ 51. Rxe3 Rd6 52. Rc1 Nd5 53. Re5 Red8 54. h4 Kf6 55. Re4 Kf5 56. Bb1 Kf6 57. hxg5+ hxg5 58. Rh1 Ne7 59. Rh6+ Kf7 60. Rh7+ Kf6 61. Re3 Nf5 62. Rf3 g4 63. Rf4 Rd4 64. Be4 Ke5 65. Bxf5 Rxf4 66. gxf4+ Kxf5 67. Rxb7 Kxf4 68. Rb6 e5 69. Rxa6 Rb8 70. Ra4+ e4 71. Rb4 Rc8 72. a4 Rc2 73. Kf1 Kf3 74. Rb3+ Kf4 75. a5 Rc1+ 76. Ke2 Ra1 77. Ra3 Rb1 78. Ra2 g3 79. fxg3+ Kxg3 80. a6 Rc1 81. a7 Rc2+ 82. Ke3 Rc8 83. a8=Q Rxa8 84. Rxa8 1-0


[Site "https://www.chess.com"]

[Event "Titled Tuesday Blitz November 07 Early 2023"]
[White "Martinez Ramirez, Lennis"]
[Black "Khamdamova, Afruza"]
[WhiteFideId "3509079"]
[BlackFideId "14210444"]
[WhiteElo "2708"]
[BlackElo "2518"]
[Result "1-0"]
[Round "6"]
[TimeControl "180+1"]
[Date "2023.11.07"]
[WhiteClock "0:00:27"]
[BlackClock "0:00:20"]
[Board "99"]

1. c4 e6 2. g3 d5 3. Bg2 Nf6 4. Nf3 dxc4 5. O-O c5 6. Na3 Nc6 7. Nxc4 Be7 8. b3 O-O 9. Bb2 a6 10. Rc1 Rb8 11. d4 b6 12. dxc5 Qxd1 13. Rfxd1 bxc5 14. Nfe5 Nxe5 15. Bxe5 Rb4 16. Bd6 Bxd6 17. Nxd6 Bd7 18. Rxc5 Rd8 19. Nb7 Rb8 20. Rc7 Be8 21. Rd6 Nd5 22. Bxd5 exd5 23. Nc5 Rd4 24. Nxa6 Ra8 25. Rc2 Rd1+ 26. Kg2 d4 27. Rb2 f6 28. Nc7 Rc8 29. Nxe8 Rxe8 30. b4 Kf7 31. b5 Rb8 32. b6 Ke7 33. Rc6 Kd8 34. a4 Ra1 35. Rc4 Ke7 36. Rxd4 Rb7 37. Rb5 1-0


[Site "https://www.chess.com"]

[Event "Titled Tuesday Blitz November 07 Early 2023"]
[White "Socko, Bartosz"]
[Black "LouieKov2022"]
[WhiteFideId "1107038"]
[WhiteElo "2695"]
[BlackElo "2517"]
[Result "1-0"]
[Round "6"]
[TimeControl "180+1"]
[Date "2023.11.07"]
[WhiteClock "0:01:33"]
[BlackClock "0:00:54"]
[Board "100"]

1. g3 d5 2. Bg2 Nf6 3. Nf3 c6 4. O-O Bf5 5. d4 e6 6. Nbd2 Be7 7. c4 Ne4 8. Qb3 Qb6 9. c5 Qxb3 10. axb3 a6 11. b4 Nd7 12. Nb3 Bd8 13. Na5 Bxa5 14. bxa5 O-O 15. Ra3 f6 16. Nh4 h6 17. Rb3 Ra7 18. Nxf5 exf5 19. Bh3 g6 20. Bxh6 Re8 21. Bf4 Nf8 22. Bg2 g5 23. Be3 g4 24. f3 gxf3 25. exf3 Ng5 26. h4 Nge6 27. Bh3 Ng7 28. Re1 Re7 29. Bf2 Kf7 30. Rxe7+ Kxe7 31. h5 Nxh5 32. Bxf5 Ng7 33. Bc8 Nfe6 34. Rxb7+ Rxb7 35. Bxb7 1-0


[Site "https://www.chess.com"]

[Event "Titled Tuesday Blitz November 07 Early 2023"]
[White "a-z30"]
[Black "Nasuta, Grzegorz"]
[BlackFideId "1141686"]
[WhiteElo "2512"]
[BlackElo "2676"]
[Result "0-1"]
[Round "6"]
[TimeControl "180+1"]
[Date "2023.11.07"]
[WhiteClock "0:00:03"]
[BlackClock "0:00:22"]
[Board "101"]

1. d3 d5 2. Nf3 Nf6 3. g3 c6 4. Bg2 Nbd7 5. O-O e5 6. Nbd2 Bd6 7. e4 O-O 8. c3 Re8 9. Qc2 a5 10. b3 h6 11. a3 b6 12. Re1 Bb7 13. Bb2 c5 14. exd5 Bxd5 15. c4 Bc6 16. Nxe5 Nxe5 17. Bxe5 Bxe5 18. Bxc6 Bxa1 19. Rxa1 Qd4 20. Rf1 Rad8 21. Bxe8 Nxe8 22. Re1 Nf6 23. Ne4 Ng4 24. Qe2 f5 25. Nd2 Qxd3 26. Qe6+ Kh8 27. Nf1 Qf3 28. Ne3 Qxf2+ 0-1


[Site "https://www.chess.com"]

[Event "Titled Tuesday Blitz November 07 Early 2023"]
[White "Adla, Diego"]
[Black "Kubicka, Anna"]
[WhiteFideId "100072"]
[BlackFideId "1152254"]
[WhiteElo "2658"]
[BlackElo "2494"]
[Result "1/2-1/2"]
[Round "6"]
[TimeControl "180+1"]
[Date "2023.11.07"]
[WhiteClock "0:00:59"]
[BlackClock "0:00:08"]
[Board "102"]

1. e4 c5 2. Nf3 d6 3. d4 cxd4 4. Nxd4 Nf6 5. Nc3 a6 6. Bc4 e6 7. a4 Be7 8. O-O O-O 9. Be3 Nc6 10. f4 Nxd4 11. Bxd4 Qc7 12. Bb3 e5 13. Be3 exf4 14. Rxf4 Be6 15. Bd4 Bxb3 16. cxb3 Qc6 17. Qf3 Rfe8 18. Rf1 Qd7 19. Bxf6 Bxf6 20. Rxf6 gxf6 21. Nd5 Re6 22. Qg4+ Kh8 23. Nxf6 Qd8 24. Qh4 Rxf6 25. Qxf6+ Qxf6 26. Rxf6 Re8 27. Rxf7 b5 28. axb5 axb5 29. Rf4 Re5 30. Kf2 Rc5 31. Ke3 Rc2 32. Rf2 Rc5 33. Kd4 Kg7 34. g4 h6 35. h4 Kg6 36. h5+ Kg7 37. Rf5 Rc2 38. Kd5 Rxb2 39. Kxd6 Rxb3 40. e5 b4 41. e6 Rd3+ 42. Rd5 Rxd5+ 43. Kxd5 b3 44. g5 b2 45. gxh6+ Kxh6 46. e7 b1=Q 47. e8=Q Qf5+ 48. Kd6 Qxh5 49. Qh8+ Kg5 50. Qe5+ Kh6 51. Qf4+ Qg5 52. Qh2+ Qh5 53. Qf4+ Qg5 54. Qf8+ Qg7 55. Qf4+ Qg5 1/2-1/2


[Site "https://www.chess.com"]

[Event "Titled Tuesday Blitz November 07 Early 2023"]
[White "Shuvalova, Polina"]
[Black "Devaev, Alexander"]
[WhiteFideId "24171760"]
[BlackFideId "4169395"]
[WhiteElo "2653"]
[BlackElo "2474"]
[Result "1-0"]
[Round "6"]
[TimeControl "180+1"]
[Date "2023.11.07"]
[WhiteClock "0:00:07"]
[BlackClock "0:00:00"]
[Board "103"]

1. Nf3 Nf6 2. g3 c5 3. Bg2 Nc6 4. c4 e6 5. O-O Be7 6. d4 cxd4 7. Nxd4 O-O 8. Nxc6 bxc6 9. e4 e5 10. Nc3 d6 11. h3 Qc7 12. Be3 Be6 13. b3 Rfd8 14. Rc1 h6 15. Qe2 Qa5 16. Qd2 Qa6 17. Rfd1 Nd7 18. Kh2 Rac8 19. f4 Nc5 20. Qf2 Qa5 21. Rd2 Qb4 22. Ne2 a5 23. Rcd1 exf4 24. gxf4 Na6 25. Ng3 a4 26. f5 Bd7 27. f6 Bxf6 28. Rxd6 Be6 29. Bf4 axb3 30. axb3 Qxb3 31. Rxd8+ Rxd8 32. Rxd8+ Bxd8 33. c5 Be7 34. Bd6 Bf6 35. e5 Bg5 36. Ne4 Bd8 37. Qg3 Nb4 38. Qxb3 Bxb3 39. Kg3 Bd5 40. Nd2 Bxg2 41. Kxg2 Nd5 42. Kf3 Bc7 43. Nc4 g6 44. Ke4 Nc3+ 45. Kd3 Nb5 46. Bxc7 Nxc7 47. Na5 Ne6 48. Kc4 Nd8 49. Kb4 Kf8 50. Nc4 Ke7 51. Ka5 Kd7 52. Kb6 Ne6 53. Nd6 Nc7 54. Nxf7 Nd5+ 55. Kb7 Nf4 56. Nxh6 Ne6 57. Kb6 Nxc5 58. Kxc5 Ke6 59. Ng4 Kf5 60. Kxc6 g5 61. Kd6 Kf4 62. e6 Kg3 63. e7 Kxh3 64. e8=Q 1-0


[Site "https://www.chess.com"]

[Event "Titled Tuesday Blitz November 07 Early 2023"]
[White "Ionescu, Mihai"]
[Black "Arabidze, Meri"]
[WhiteFideId "1202499"]
[BlackFideId "13604040"]
[WhiteElo "2467"]
[BlackElo "2628"]
[Result "0-1"]
[Round "6"]
[TimeControl "180+1"]
[Date "2023.11.07"]
[WhiteClock "0:00:31"]
[BlackClock "0:01:52"]
[Board "104"]

1. Nf3 b6 2. e4 Bb7 3. Nc3 c5 4. d4 cxd4 5. Nxd4 e6 6. Be3 a6 7. Be2 Qc7 8. O-O Nf6 9. Bf3 d6 10. a4 Be7 11. Re1 Nbd7 12. Qd2 Ne5 13. Bg5 O-O 14. Rad1 Rac8 15. Be2 Nc4 16. Bxc4 Qxc4 17. f3 h6 18. Be3 Nd7 19. Nb3 Qc7 20. Qf2 Nc5 21. Nxc5 bxc5 22. b3 Bf6 23. Nb1 c4 24. b4 c3 25. Bd4 Bxd4 26. Qxd4 d5 27. exd5 Bxd5 28. Re3 Rcd8 29. Rxc3 Bc6 0-1


[Site "https://www.chess.com"]

[Event "Titled Tuesday Blitz November 07 Early 2023"]
[White "FoxOnTheRun97"]
[Black "McBryde, Lamel"]
[BlackFideId "2058596"]
[WhiteElo "2616"]
[BlackElo "2463"]
[Result "1-0"]
[Round "6"]
[TimeControl "180+1"]
[Date "2023.11.07"]
[WhiteClock "0:00:02"]
[BlackClock "0:00:07"]
[Board "105"]

1. d4 Nf6 2. Bg5 Ne4 3. h4 d5 4. Nd2 Nd6 5. e3 f6 6. Bf4 c6 7. c4 Nf7 8. Ngf3 Nd7 9. cxd5 cxd5 10. Qa4 e6 11. Rc1 Bd6 12. Bxd6 Nxd6 13. h5 O-O 14. Bd3 e5 15. dxe5 fxe5 16. e4 d4 17. h6 g6 18. Nc4 Nf7 19. Qb3 Kh8 20. Qa3 Qf6 21. Rh3 b6 22. Rg3 Nc5 23. b4 Ne6 24. Ng1 Nfg5 25. f3 Nf4 26. Ne2 Nge6 27. Nd2 Qh4 28. Kf1 Nxe2 29. Rh3 Ng3+ 30. Kf2 Nxe4+ 31. Kg1 Qf2+ 32. Kh2 Nxd2 33. Be4 Nxe4 34. fxe4 Nf4 35. Rg3 Be6 36. b5 Rac8 37. Qe7 Rce8 38. Qg7# 1-0


[Site "https://www.chess.com"]

[Event "Titled Tuesday Blitz November 07 Early 2023"]
[White "Ambartsumova, Karina"]
[Black "Shishkov, Andrei"]
[WhiteFideId "4166299"]
[BlackFideId "4500563"]
[WhiteElo "2611"]
[BlackElo "2455"]
[Result "1/2-1/2"]
[Round "6"]
[TimeControl "180+1"]
[Date "2023.11.07"]
[WhiteClock "0:00:10"]
[BlackClock "0:00:07"]
[Board "106"]

1. d4 Nf6 2. c4 e6 3. Nc3 Bb4 4. Qc2 O-O 5. a3 Bxc3+ 6. Qxc3 b5 7. cxb5 c6 8. a4 Nd5 9. Qd3 f5 10. Nf3 a6 11. bxc6 Nxc6 12. Bd2 a5 13. e3 Ba6 14. Qa3 Bxf1 15. Kxf1 Qb6 16. g3 Rab8 17. Rb1 Qb3 18. Qa1 Ncb4 19. Bxb4 Rxb4 20. Rc1 Rxa4 21. Qb1 Ra2 22. Rc2 Nb4 23. Rc3 Qxb2 24. Qxb2 Rxb2 25. Kg2 d6 26. Ra1 Ra8 27. Rca3 h6 28. Rxa5 Rxa5 29. Rxa5 Nd3 30. Ra8+ Kf7 31. Ra3 Rxf2+ 32. Kg1 Rxf3 33. Rxd3 e5 34. Kg2 e4 35. Ra3 Ke6 36. h3 g6 37. h4 Kd5 38. Ra5+ Kc4 39. Ra6 Kd5 40. Ra5+ Kc4 41. Ra6 Rxe3 42. Rxd6 Rd3 43. Rxg6 Rd2+ 44. Kf1 Kxd4 45. Rxh6 Ke3 46. Rf6 Rf2+ 47. Kg1 Rf3 48. Kg2 Rf2+ 49. Kg1 Ke2 50. h5 e3 51. h6 Rf1+ 52. Kg2 Rf2+ 53. Kg1 Rf1+ 54. Kg2 Rf2+ 55. Kg1 1/2-1/2


[Site "https://www.chess.com"]

[Event "Titled Tuesday Blitz November 07 Early 2023"]
[White "Kostiukov, Alexandr"]
[Black "Ozates, Tuna"]
[WhiteFideId "14108100"]
[BlackFideId "6354521"]
[WhiteElo "2448"]
[BlackElo "2607"]
[Result "1-0"]
[Round "6"]
[TimeControl "180+1"]
[Date "2023.11.07"]
[WhiteClock "0:00:41"]
[BlackClock "0:01:31"]
[Board "107"]

1. g3 c5 2. Bg2 Nc6 3. c4 g6 4. Nf3 Bg7 5. O-O d6 6. Nc3 e5 7. d3 Nge7 8. Bd2 O-O 9. Ne1 Be6 10. Nc2 d5 11. cxd5 Nxd5 12. Ne3 Nde7 13. Qa4 Rb8 14. Qh4 Nd4 15. g4 f6 16. Rae1 b5 17. Ne4 Rc8 18. g5 f5 19. Nf6+ Bxf6 20. gxf6 Nec6 21. f4 exf4 22. Rxf4 Qxf6 23. Qxf6 Rxf6 24. Nd5 Rf7 25. e3 Nc2 26. Rc1 N2b4 27. Nxb4 Nxb4 28. Bxb4 cxb4 29. Rxc8+ Bxc8 30. Bd5 a5 31. Rd4 Kg7 32. Bxf7 Kxf7 33. Rd5 Be6 34. Rxb5 Bxa2 35. Rxa5 Bb1 36. Rb5 Bxd3 37. Rxb4 g5 38. Rd4 Be4 39. Rd7+ Ke6 40. Rxh7 Kd5 41. Kf2 Kc4 42. Rh6 1-0


[Site "https://www.chess.com"]

[Event "Titled Tuesday Blitz November 07 Early 2023"]
[White "pasteta13"]
[Black "Souleidis, Georgios"]
[BlackFideId "4206827"]
[WhiteElo "2448"]
[BlackElo "2605"]
[Result "0-1"]
[Round "6"]
[TimeControl "180+1"]
[Date "2023.11.07"]
[WhiteClock "0:00:00"]
[BlackClock "0:00:45"]
[Board "108"]

1. e4 c5 2. Ne2 e6 3. g3 a6 4. Bg2 b5 5. c3 Bb7 6. d4 d5 7. dxc5 Bxc5 8. exd5 Bxd5 9. Bxd5 exd5 10. b4 Bb6 11. a4 bxa4 12. Qxa4+ Qd7 13. O-O Nf6 14. Rd1 O-O 15. Qxd7 Nbxd7 16. Nf4 Rfe8 17. Kg2 Nf8 18. Nxd5 Nxd5 19. Rxd5 Re2 20. Rd2 Re1 21. Na3 Ne6 22. Bb2 Rxa1 23. Bxa1 a5 24. Nc4 axb4 25. Nxb6 Rxa1 26. cxb4 Rb1 27. Nd5 g6 28. f4 h5 29. Kf3 Kg7 30. Ke4 f6 31. Kd3 Kf7 32. Kc4 g5 33. fxg5 fxg5 34. Rf2+ Ke8 35. Re2 Kd7 36. Nf6+ Kd6 37. Nxh5 Rc1+ 38. Kb3 Nd4+ 39. Kb2 Nxe2 0-1


[Site "https://www.chess.com"]

[Event "Titled Tuesday Blitz November 07 Early 2023"]
[White "Golubev, Mikhail"]
[Black "Herman, Daniel"]
[WhiteFideId "14100983"]
[BlackFideId "30935008"]
[WhiteElo "2604"]
[BlackElo "2439"]
[Result "1-0"]
[Round "6"]
[TimeControl "180+1"]
[Date "2023.11.07"]
[WhiteClock "0:00:36"]
[BlackClock "0:00:02"]
[Board "109"]

1. e4 e6 2. d4 d5 3. Bd3 dxe4 4. Bxe4 c5 5. Ne2 Nc6 6. Be3 Nf6 7. Bf3 Nd5 8. Bxd5 Qxd5 9. Nf4 Qf5 10. d5 Nd4 11. Bxd4 cxd4 12. Ne2 Qxd5 13. O-O Bc5 14. Nd2 O-O 15. Nb3 e5 16. c3 Rd8 17. Nxc5 Qxc5 18. cxd4 exd4 19. Rc1 Qd6 20. Qd3 Be6 21. Rfd1 Rac8 22. Rxc8 Rxc8 23. b3 g6 24. Nxd4 Bf5 25. Qe3 Qf6 26. h3 a6 27. f4 Kg7 28. Kh2 Be6 29. Rd2 Bd5 30. g4 Rc7 31. g5 Qe7 32. Nf5+ gxf5 33. Qd4+ Kg6 34. Qxd5 Qe6 35. Qd8 Qe7 36. Qg8+ Kh5 37. Qxh7# 1-0


[Site "https://www.chess.com"]

[Event "Titled Tuesday Blitz November 07 Early 2023"]
[White "Pesotskiy, Mikhail"]
[Black "LangesNasenhaar"]
[WhiteFideId "34164453"]
[WhiteElo "2604"]
[BlackElo "2431"]
[Result "1-0"]
[Round "6"]
[TimeControl "180+1"]
[Date "2023.11.07"]
[WhiteClock "0:00:11"]
[BlackClock "0:00:05"]
[Board "110"]

1. d4 d5 2. c4 e6 3. Nc3 c5 4. Nf3 Nf6 5. cxd5 exd5 6. Bg5 Be7 7. e3 Nc6 8. dxc5 Bxc5 9. Bxf6 Qxf6 10. Qxd5 Bb4 11. Rc1 O-O 12. Be2 Be6 13. Qb5 Bxa2 14. Qxb7 Rab8 15. Qa6 Bb3 16. O-O Rb6 17. Qd3 Rd8 18. Qe4 Be6 19. h3 Bf8 20. Rfd1 Rdb8 21. Na4 Bf5 22. Qh4 Rb4 23. Qxf6 gxf6 24. Rxc6 Rxa4 25. Rxf6 Bg6 26. Ne5 Bg7 27. Nc6 Rxb2 28. Rd8+ Bf8 29. Ne7+ Kg7 30. Nxg6 hxg6 31. Bd1 Ra1 32. Rf4 Bc5 33. Kh2 Bb6 34. Rd7 Rbb1 35. Rfxf7+ Kg8 36. Bc2 Rc1 37. Bxg6 Rh1+ 38. Kg3 Ra5 39. Rg7+ Kf8 40. Rdf7+ Ke8 41. Rg8# 1-0


[Site "https://www.chess.com"]

[Event "Titled Tuesday Blitz November 07 Early 2023"]
[White "Tasev, Dejan"]
[Black "Bashirli, Saadat"]
[WhiteFideId "936618"]
[BlackFideId "13429990"]
[WhiteElo "2602"]
[BlackElo "2421"]
[Result "1-0"]
[Round "6"]
[TimeControl "180+1"]
[Date "2023.11.07"]
[WhiteClock "0:00:18"]
[BlackClock "0:00:00"]
[Board "111"]

1. e4 e5 2. Nf3 Nc6 3. Bb5 a6 4. Ba4 Bc5 5. O-O d6 6. h3 Ne7 7. c3 b5 8. Bc2 O-O 9. d4 Bb6 10. Be3 Kh8 11. Nbd2 f5 12. exf5 Bxf5 13. dxe5 Bxc2 14. Qxc2 Bxe3 15. fxe3 Nxe5 16. Ng5 N7g6 17. Rxf8+ Qxf8 18. Rf1 Qe7 19. Qe4 Re8 20. Rf5 h6 21. Ngf3 Nxf3+ 22. Qxf3 Qxe3+ 23. Qxe3 Rxe3 24. Rf7 Re2 25. Nf3 Rxb2 26. Rxc7 Rxa2 27. Rc6 Ne5 28. Rc8+ Kh7 29. Nd4 Ra3 30. Ne6 Kg6 31. Rc7 Nc4 32. Nxg7 Rxc3 33. Ne6 b4 34. Nf4+ Kf5 35. Nd5 Rc1+ 36. Kh2 Ke5 37. Nxb4 Kd4 38. Nxa6 Rb1 39. Rh7 Rb6 40. Nc7 d5 41. Rd7 Rb4 42. Rxd5+ Kc3 43. Rh5 Rb2 44. Nd5+ Kd4 45. Nf4 Ne3 46. Rxh6 1-0


[Site "https://www.chess.com"]

[Event "Titled Tuesday Blitz November 07 Early 2023"]
[White "Streltsov, Alexey"]
[Black "marik_spb"]
[WhiteFideId "24104434"]
[WhiteElo "2592"]
[BlackElo "2406"]
[Result "1-0"]
[Round "6"]
[TimeControl "180+1"]
[Date "2023.11.07"]
[WhiteClock "0:00:14"]
[BlackClock "0:00:00"]
[Board "112"]

1. d4 Nf6 2. Nc3 d5 3. Bf4 c5 4. e3 e6 5. Nb5 Na6 6. c3 Be7 7. Nf3 O-O 8. a4 Bd7 9. Be2 Qb6 10. Ne5 Be8 11. a5 Qd8 12. c4 Nb4 13. O-O dxc4 14. Bxc4 Nfd5 15. Bg3 cxd4 16. Nxd4 Rc8 17. b3 Bf6 18. Qh5 Nc6 19. a6 Nxe5 20. axb7 Rb8 21. Bxe5 Rxb7 22. Rfd1 Bxe5 23. Qxe5 Qf6 24. Qd6 Nc3 25. Rdc1 Qxf2+ 26. Kxf2 Ne4+ 27. Kf3 Nxd6 28. Ra6 Nb5 29. Rca1 Nxd4+ 30. exd4 Bb5 31. Rxa7 Bc6+ 32. Kf2 Rxa7 33. Rxa7 g5 34. g3 Ra8 35. Rc7 Be4 36. Ke3 Bh1 37. h4 h6 38. b4 Ra3+ 39. Kf2 1-0


[Site "https://www.chess.com"]

[Event "Titled Tuesday Blitz November 07 Early 2023"]
[White "Muhammad Shahzeb"]
[Black "Kozusek, Daniel"]
[WhiteFideId "7804806"]
[BlackFideId "349500"]
[WhiteElo "2403"]
[BlackElo "2579"]
[Result "1-0"]
[Round "6"]
[TimeControl "180+1"]
[Date "2023.11.07"]
[WhiteClock "0:01:12"]
[BlackClock "0:01:37"]
[Board "113"]

1. e4 c6 2. d4 d5 3. exd5 cxd5 4. c4 Nf6 5. Nc3 Nc6 6. Nf3 a6 7. Be2 Bg4 8. O-O dxc4 9. d5 Bxf3 10. Bxf3 Ne5 11. Be2 b5 12. f4 Ned7 13. Be3 g6 14. Bf3 Rb8 15. g4 Bg7 16. g5 Nh5 17. Bxh5 gxh5 18. d6 O-O 19. dxe7 Qxe7 20. Nd5 Qe4 21. Re1 Qf5 22. Ne7+ 1-0


[Site "https://www.chess.com"]

[Event "Titled Tuesday Blitz November 07 Early 2023"]
[White "Marchesich, Giovanni"]
[Black "Senthil Maran K"]
[WhiteFideId "2824790"]
[BlackFideId "25035681"]
[WhiteElo "2376"]
[BlackElo "2562"]
[Result "1-0"]
[Round "6"]
[TimeControl "180+1"]
[Date "2023.11.07"]
[WhiteClock "0:00:07"]
[BlackClock "0:00:21"]
[Board "114"]

1. d4 Nf6 2. Nc3 d5 3. Bf4 g6 4. e3 Bg7 5. h4 O-O 6. h5 Nxh5 7. Rxh5 gxh5 8. Qxh5 f5 9. Nf3 c6 10. Bd3 Qe8 11. Qh2 Nd7 12. O-O-O Nf6 13. Rh1 Qg6 14. Ne5 Qe8 15. f3 Be6 16. g4 Bf7 17. Bxf5 Bg6 18. Nxg6 hxg6 19. Be6+ Rf7 20. Be5 Kf8 21. Ne2 Qd8 22. Nf4 Qa5 23. Kb1 Ke8 24. Bxf7+ Kxf7 25. g5 Rh8 26. Qg2 Qd2 27. Qxd2 Rxh1+ 28. Qc1 Rxc1+ 29. Kxc1 Ne8 30. Bxg7 Nxg7 31. Nd3 Ne6 32. Ne5+ Kg7 33. f4 Nc7 34. b3 Ne8 35. c4 Nd6 36. cxd5 cxd5 37. Kc2 Kh7 38. Kd3 Kg7 39. Nd7 Kf7 40. a4 b6 41. b4 Ne4 42. a5 Ke6 43. axb6 axb6 44. Nxb6 Kd6 45. Nc8+ Kd7 46. Nb6+ Kc6 47. Na4 Nf2+ 48. Ke2 Ne4 49. Nc5 Nd6 50. Nd3 Kb5 51. Ne5 Kxb4 52. Nxg6 Nf5 53. Ne5 Kb5 54. g6 Kb6 55. Nf3 Kc7 56. Nh4 Ng7 57. Kf3 Kd6 58. Kg4 Ke6 59. Kg5 Kd6 60. Kh6 Ne8 61. g7 Nf6 62. Kg6 Ke6 63. Nf3 Ng8 64. Ng5+ Kd6 65. Kf7 Nh6+ 66. Kf8 Nf5 67. g8=Q Nxe3 68. Qe6+ Kc7 69. Qxe3 1-0


[Site "https://www.chess.com"]

[Event "Titled Tuesday Blitz November 07 Early 2023"]
[White "Dishman, Stephen"]
[Black "OPQRC"]
[WhiteFideId "403024"]
[WhiteElo "2369"]
[BlackElo "2553"]
[Result "0-1"]
[Round "6"]
[TimeControl "180+1"]
[Date "2023.11.07"]
[WhiteClock "0:00:05"]
[BlackClock "0:01:09"]
[Board "115"]

1. d4 Nf6 2. Bg5 c5 3. d5 d6 4. Nc3 g6 5. e4 Bg7 6. Nf3 O-O 7. a4 h6 8. Bf4 Bg4 9. Be2 Nfd7 10. Nd2 Bxe2 11. Qxe2 Ne5 12. O-O Nbd7 13. Be3 f5 14. exf5 gxf5 15. Bf4 Ng6 16. Qf3 Nde5 17. Qg3 Nxf4 18. Qxf4 Qb6 19. Ra2 Qb4 20. Qxb4 cxb4 21. Nb5 a6 22. Nd4 Rfc8 23. c3 Nc4 24. Nxc4 Bxd4 25. Na5 bxc3 26. bxc3 Bxc3 27. Nb3 b5 28. axb5 axb5 29. Rxa8 Rxa8 30. Rc1 b4 31. g3 Kf7 32. Kg2 Kf6 33. Kf3 Ra3 34. Rb1 Ke5 35. Nc1 Kxd5 36. Kf4 Kc4 37. Kxf5 b3 38. Nxb3 Rxb3 39. Rd1 Rb2 40. h4 Rxf2+ 41. Kg6 Rg2 42. Kxh6 Rxg3 43. h5 d5 44. Kh7 Rg7+ 45. Kh6 Rg8 46. Rf1 e5 47. Kh7 Rd8 48. h6 e4 49. Kg6 e3 50. h7 e2 0-1


[Site "https://www.chess.com"]

[Event "Titled Tuesday Blitz November 07 Early 2023"]
[White "Saya, Ethan"]
[Black "Vestby-Ellingsen, Mads"]
[WhiteFideId "26095181"]
[BlackFideId "1520857"]
[WhiteElo "2363"]
[BlackElo "2545"]
[Result "0-1"]
[Round "6"]
[TimeControl "180+1"]
[Date "2023.11.07"]
[WhiteClock "0:00:00"]
[BlackClock "0:00:22"]
[Board "116"]

1. e4 c6 2. d4 d5 3. Nd2 dxe4 4. Nxe4 Qc7 5. Nf3 Nf6 6. Bd3 Bg4 7. h3 Bh5 8. c3 Nbd7 9. Bg5 e6 10. Qe2 Nxe4 11. Qxe4 Bg6 12. Qe2 Bd6 13. O-O-O Bf4+ 14. Bxf4 Qxf4+ 15. Kb1 O-O-O 16. Rhe1 Bh5 17. Qe4 Qxe4 18. Bxe4 Nf6 19. Ka1 Nxe4 20. Rxe4 Bxf3 21. gxf3 g6 22. Kb1 Rd5 23. Re5 Rhd8 24. Rde1 Rxe5 25. Rxe5 Rd5 26. f4 Kd7 27. Kc2 f6 28. Rxd5+ exd5 29. Kd3 Ke6 30. Ke3 Kf5 31. a4 a5 32. Kf3 g5 33. fxg5 fxg5 34. Ke3 g4 35. h4 Kg6 36. f4 Kf5 37. h5 b5 38. axb5 cxb5 39. h6 a4 40. Kf2 Kxf4 41. Kg2 Kg5 42. Kg3 Kxh6 43. Kxg4 Kg6 44. Kf4 h5 45. Ke5 h4 46. Kf4 Kh5 47. Kf3 Kg5 48. Kf2 Kf4 49. c4 bxc4 50. Kg2 c3 51. b4 c2 0-1


[Site "https://www.chess.com"]